 Dungeon Crawl Stone Soup version 0.28-a0-773-g130ae17fe5 (webtiles) character file.

Game seed: 15056555813126343103

19 cheechan the Ducker (level 2, -2/21 HPs)
             Began as an Octopode Berserker on Nov 1, 2021.
             Was a Follower of Trog.
             Slain by a hobgoblin (4 damage)
             ... on level 1 of the Dungeon.
             The game lasted 00:01:12 (268 turns).

cheechan the Ducker (Octopode Berserker)             Turns: 268, Time: 00:01:13

Health: -2/21      AC:  1    Str: 16    XL:     2   Next: 75%
Magic:  2/2        EV: 13    Int:  9    God:    Trog [*.....]
Gold:   23         SH:  0    Dex: 11    Spells: 1/1 levels left

rFire   . . .      SeeInvis .   a - +0 hand axe
rCold   . . .      Faith    .   (no shield)
rNeg    . . .      Spirit   .   (helmet restricted)
rPois   .          Reflect  .   (no amulet)
rElec   .          Harm     .   (no ring)
rCorr   .          Rampage  .   (no ring)
Will    .....                   (no ring)
Stlth   ++........              (no ring)
HPRegen 0.07/turn               (no ring)
MPRegen 0.08/turn               (no ring)
                                (no ring)
                                (no ring)

@: no status effects
A: almost no armour, amphibious, 8 rings, camouflage 1, gelatinous body 1,
(nimble swimmer 1), tentacles
a: Renounce Religion, Berserk


You were on level 1 of the Dungeon.
You worshipped Trog.
Trog was aware of your devotion.
You visited 1 branch of the dungeon, and saw 1 of its levels.

You collected 23 gold pieces.

Inventory:

Hand Weapons
 a - a +0 hand axe (weapon)
Missiles
 b - 21 sling bullets
Scrolls
 c - a scroll of identify {unknown}
 d - a scroll of silence {unknown}


   Skills:
 + Level 3.1 Fighting
 + Level 3.2 Axes
 + Level 3.5 Dodging


You had one spell level left.
You didn't know any spells.
Your spell library was empty.

Dungeon Overview and Level Annotations

Branches:
Dungeon (1/15)

Altars:

Shops:
D:1 (*


Innate Abilities, Weirdness & Mutations

You cannot wear most types of armour.
You are amphibious.
You can wear up to eight rings at the same time.
Your skin changes colour to match your surroundings (Stealth+).
Your rubbery body absorbs attacks. (AC +1, EV +1)
((You are camouflaged near water. (Stealth+)))
You have tentacles for arms and can constrict up to eight enemies at once.


Message History

There is an open door here.
There is an entrance to Jipen's Assorted Antiques here.
There is an open door here.
c - a scroll labelled KAERIED YTYMAU
Found a scroll labelled OTUSSEV IRCHISO.
d - a scroll labelled OTUSSEV IRCHISO A quokka comes into view.
A hobgoblin comes into view.
Found 7 gold pieces.
The hobgoblin shouts!
You hear a shout!
You hear an angry hiss.
A hobgoblin comes into view.
The hobgoblin misses you.
A frilled lizard comes into view.
You see here 7 gold pieces.
You now have 23 gold pieces (gained 7).
The hobgoblin misses you. The hobgoblin hits you. The hobgoblin hits you.
* * * LOW HITPOINT WARNING * * *
You slash the plant!
The plant begins to die.
You grab the plant.
The plant is lightly damaged.
You hit the hobgoblin but do no damage. You constrict the plant.
The hobgoblin hits you but does no damage.
A hobgoblin comes into view.
The hobgoblin shouts!
You slash the hobgoblin!
You kill the hobgoblin!
Trog accepts your kill.
You hit the plant. You constrict the plant. The quokka closely misses you.
You release your grip on the plant.
A nearby plant withers and dies.
The quokka bites you.
* * * LOW HITPOINT WARNING * * *
You hit the quokka. Your grab misses the quokka.
The quokka is severely wounded.
You closely miss the frilled lizard. You barely miss the hobgoblin.
The hobgoblin barely misses you. The quokka barely misses you.
The frilled lizard hisses.
The frilled lizard bites you.
* * * LOW HITPOINT WARNING * * *
The hobgoblin hits you.
You die...

....P. .P≈≈≈P
.≈≈≈≈≈
.≈≈≈≈≈#
≈≈g≈≈≈.
≈≈≈≈≈≈P
≈.≈≈.≈g##
.≈≈≈≈≈r@#####
≈≈≈.≈≈l.....#
≈≈≈≈.≈###...#
P.≈≈........#
..P...###...#
...## #...#
### ##...#
###..###
#...##


You could see a quokka, 2 hobgoblins and a frilled lizard.

Vanquished Creatures
  A dart slug (D:1)
  2 endoplasms (D:1)
  3 giant cockroaches (D:1)
  2 hobgoblins (D:1)
  A quokka (D:1)
  A bat (D:1)
  A frilled lizard (D:1)
  2 goblins (D:1)
  A kobold (D:1)
  2 rats (D:1)
16 creatures vanquished.

Vanquished Creatures (others)
  6 plants (D:1)
6 creatures vanquished.

Grand Total: 22 creatures vanquished

Notes
Turn   | Place    | Note
-------+----------+-------------------------------------------
     0 | D:1      | cheechan the Octopode Berserker began the quest for the
                  | Orb.
     0 | D:1      | Reached XP level 1. HP: 16/16 MP: 1/1
    60 | D:1      | Found Ytuckaix's Antique Weapon Shoppe.
   104 | D:1      | Reached XP level 2. HP: 13/21 MP: 2/2
   208 | D:1      | Found Jipen's Assorted Antiques.
   268 | D:1      | Slain by a hobgoblin

Illustrated notes

Levels and vault maps discovered:
D:1:      scummos_arrival_checkerplants, layout_rooms, serial_shops, shop,
          nicolae_shop_trees, nicolae_shop_behind_doors, nicolae_shop_crystal,
          shop, serial_bayou, serial_bayou_pond_e, serial_bayou_pond_e,
          serial_bayou_lake_a, serial_bayou_pond_b

Action                   || total
-------------------------++-------
Melee: Hand axe          ||    28
       Constrict         ||     7
       Tentacles         ||     7
 Stab: Sleeping          ||     1
Armor: Skin              ||     3
Dodge: Dodged            ||    20

Table legend: (Time is in decaauts)
 A = Elapsed time spent in this place.
 B = Non-inter-level travel time spent in this place.
 C = Inter-level travel time spent in this place.
 D = Time resting spent in this place.
 E = Time spent auto-exploring this place.
 F = Levels seen in this place.
 G = Mean time per level.
                   A        B        C        D        E       F      G
               +--------+--------+--------+--------+--------+-----+--------+
         Total |    271 |    271 |      0 |      0 |      0 |   1 |  271.0 |
       Dungeon |    271 |    271 |      0 |      0 |      0 |   1 |  271.0 |
               +--------+--------+--------+--------+--------+-----+--------+

Top non-repeatable levels by time:
     D:1: 271 daAuts
